Map: Línea Aguablanca EE

Players

MrFercho - Winner!

  • Race: Zerg Zerg
  • Spawn Location: 12:00

tigro - Winner!

  • Race: Terran Terran
  • Spawn Location: 1:00

TATORREA - Winner!

  • Race: Protoss Protoss
  • League: Silver
  • Spawn Location: 1:00

shura

  • Race: Zerg Zerg
  • Spawn Location: 6:00

JOTE

  • Race: Terran Terran
  • Spawn Location: 7:00

maanlogo

  • Race: Terran Terran
  • League: Silver
  • Spawn Location: 7:00

VOD

Have the link to the VOD?

Description

Time

  • Played on: June 9, 2020, 8:53 p.m.
  • Length: 25:19
Show
View Real Time Build Order
Export as new Build Order

MrFercho Zerg - Winner!

Build Orders: Hatch First 

Get SALT Encoding   

  12  0:01  Drone  
  13  0:13  Overlord  
  13  0:18  Drone  
  14  0:32  Drone x2  
  16  0:55  Drone  
  17  0:57  Drone  
  17  0:59  Hatchery  
  17  1:03  Drone  
  18  1:08  Drone  
  19  1:21  Spawning Pool  
  19  1:22  Drone  
  19  1:29  Extractor, Drone  
  19  1:39  Drone  
  20  1:50  Drone  
  21  2:01  Drone  
  22  2:13  Drone x2  
  24  2:23  Overlord x2  
  24  2:26  Spine Crawler  
  24  2:27  Queen x2  
  27  2:36  Extractor  
  26  2:37  Drone x2  
  28  3:01  Roach Warren  
  28  3:02  Drone x4  
  31  3:10  Drone  
  31  3:11  Drone  
  33  3:20  Drone x2  
  35  3:32  Drone x2  
  37  3:39  Extractor  
  36  3:48  Spine Crawler  
  35  4:03  Drone x3  
  35  4:08  Drone x4  
  42  4:17  Drone x2  
  42  4:20  Lair  
  44  4:33  Overlord x4  
  44  4:50  Queen  
  44  4:51  Drone x8  
  54  5:03  Hatchery, Roach x4  
  54  5:07  Roach  
  63  5:15  Evolution Chamber  
  63  5:16  Roach  
  63  5:21  Roach x2  
  68  5:56  Drone  
  69  5:57  Drone x7  
  76  6:04  Extractor  
  76  6:11  Extractor  
  74  6:20  Hydralisk Den  
  74  6:23  Infestation Pit  
  74  6:25  Extractor  
  71  7:01  Hive  
  71  7:07  Spire  
  70  7:08  Grooved Spines  
  70  7:25  Drone  
  70  7:26  Drone x11  
  82  7:37  Overlord x3  
  82  7:58  Hydralisk x3  
  82  7:59  Hydralisk  
  82  8:02  Hatchery  
  89  8:09  Evolution Chamber  
  88  8:15  Zerg Missile Weapons Level 1  
  88  8:20  Muscular Augments  
  88  8:39  Drone x2  
  88  8:40  Drone x10  
  100  9:00  Extractor  
  99  9:03  Extractor  
  96  9:30  Drone x9  
  87  9:48  Overlord x4  
  83  10:10  Spine Crawler  
  82  10:20  Hydralisk  
  82  10:21  Hydralisk x8, Spore Crawler  
  68  10:24  Spore Crawler  
  77  10:30  Zerg Missile Weapons Level 2  
  77  10:38  Spore Crawler  
  77  10:39  Spore Crawler  
  75  10:45  Hydralisk x6  
  75  10:48  Spore Crawler  
  86  10:52  Spore Crawler  
  72  11:11  Lair  
  52  11:18  Hydralisk  
  52  11:19  Hydralisk x5  
  56  12:21  Hatchery  
  55  12:27  Evolution Chamber  
  54  12:48  Hatchery  
  54  12:49  Overlord  
  54  12:50  Overlord x8  
  53  13:06  Drone x2  
  55  13:29  Drone  
  55  13:30  Drone x5  
  61  13:46  Drone x5  
  66  14:03  Zerg Ground Armor Level 1  
  66  14:14  Hydralisk Den  
  65  14:18  Spawning Pool  
  64  14:25  Extractor  
  63  14:33  Extractor, Drone  
  63  14:34  Drone x16  
  79  14:54  Drone x4  
  83  15:01  Hatchery  
  83  15:02  Hatchery  
  81  15:11  Hatchery  
  81  15:12  Hatchery  
  79  15:16  Drone  
  79  15:19  Drone x11  
  91  15:29  Extractor  
  91  15:30  Extractor  
  89  15:40  Queen  
  91  15:43  Queen  
  91  15:47  Hive  
  93  15:59  Zerg Ground Armor Level 2  
  93  16:05  Hydralisk x3  
  93  16:06  Hydralisk x9  
  117  16:28  Hydralisk x5  
  117  16:29  Hydralisk x9  
  143  16:45  Hydralisk  
  143  16:46  Hydralisk x10  
  165  17:02  Spire  
  164  17:14  Spore Crawler  
  164  17:15  Spore Crawler  
  162  17:48  Hydralisk x15  
  178  18:13  Hydralisk  
  178  18:14  Hydralisk x7  
  178  18:19  Overlord x3  
  190  18:30  Hydralisk  
  192  18:35  Hydralisk  
  192  18:36  Hydralisk x4  
  200  19:17  Greater Spire  
  200  19:26  Extractor  
  200  19:27  Extractor, Hatchery  
  175  19:50  Hydralisk x19  
  175  19:51  Hydralisk x2  
  175  19:52  Hydralisk  
  193  20:00  Zerg Missile Weapons Level 3, Zerg Ground Armor Level 3  
  183  20:07  Drone  
  183  20:08  Drone x5  
  181  20:20  Hydralisk x7  
  181  20:21  Hydralisk x3  
  193  20:22  Hydralisk  
  173  20:30  Mutalisk  
  173  20:31  Mutalisk x7  
  147  21:05  Drone x4  
  147  21:06  Drone x2  
  147  21:08  Drone  
  147  21:09  Drone x2  
  147  21:10  Drone  
  135  21:16  Hydralisk x14  
  135  21:17  Hydralisk  
  157  21:43  Hydralisk  
  157  21:44  Hydralisk x14  
  157  21:45  Hatchery  
  186  21:48  Extractor  
  185  21:55  Extractor  
  184  22:52  Hydralisk  
  184  22:53  Hydralisk x8  
  196  23:49  Hydralisk x3  
  196  23:52  Hydralisk  
  182  24:17  Hydralisk  
  182  24:18  Hydralisk x10  
Show
View Real Time Build Order
Export as new Build Order

tigro Terran - Winner!

Build Orders:  

Get SALT Encoding   

  12  0:03  SCV  
  13  0:15  SCV  
  14  0:28  SCV  
  14  0:35  Refinery  
  15  0:37  Supply Depot  
  15  0:58  SCV  
  16  1:10  SCV  
  17  1:14  Barracks  
  17  1:23  Refinery, SCV  
  18  1:35  SCV  
  19  1:47  SCV  
  19  1:50  Supply Depot  
  20  1:59  SCV  
  21  2:02  Marine  
  22  2:10  Barracks  
  22  2:11  SCV  
  23  2:20  Marine  
  24  2:24  SCV  
  25  2:34  Engineering Bay  
  25  2:36  SCV  
  26  2:37  Marine  
  27  2:55  Marine  
  28  3:00  Factory  
  28  3:01  Orbital Command  
  28  3:02  Terran Infantry Weapons Level 1  
  28  3:10  Barracks Tech Lab  
  28  3:13  Marine  
  29  3:29  Combat Shield  
  29  3:37  Marine  
  29  3:40  Barracks Tech Lab  
  30  3:47  Factory Tech Lab  
  30  3:55  Marine  
  31  3:59  Stimpack  
  31  4:09  Refinery  
  31  4:29  Marine  
  32  4:34  Command Center  
  32  4:47  Marine, Starport, Siege Tank  
  32  4:48  Concussive Shells  
  36  4:57  Terran Infantry Armor Level 1  
  36  5:05  Marine  
  37  5:37  Medivac  
  39  5:47  Armory  
  39  5:56  Planetary Fortress  
  39  6:02  Refinery  
  39  6:40  Fusion Core  
  39  6:50  Starport Tech Lab  
  39  6:51  Neosteel Armor  
  39  7:03  SCV  
  40  7:15  SCV  
  41  7:17  Marine x2  
  43  7:26  Terran Vehicle Weapons Level 1  
  43  7:27  SCV  
  44  7:35  Marine x2  
  46  7:39  SCV  
  47  7:50  Widow Mine  
  49  7:51  SCV  
  49  7:52  Marine  
  49  7:53  Marine  
  52  8:03  Missile Turret  
  52  8:10  Marine x2  
  52  8:12  Widow Mine  
  56  8:20  Drilling Claws  
  56  8:25  Missile Turret  
  56  8:28  Marine x2  
  56  8:31  Hi-Sec Auto Tracking  
  56  8:32  Weapon Refit  
  56  8:33  Widow Mine  
  60  8:55  Widow Mine  
  62  9:02  Missile Turret  
  62  9:23  Missile Turret  
  62  9:27  Terran Infantry Weapons Level 2  
  62  9:36  Supply Depot  
  62  9:57  Marine x2  
  62  9:58  Widow Mine  
  64  10:12  Rapid Reignition System  
  64  10:15  Marine x2  
  49  10:33  Marine x2  
  44  10:49  SCV  
  45  10:51  Marine x2  
  47  11:01  SCV  
  47  11:03  Thor  
  52  11:05  Banshee  
  52  11:08  Advanced Ballistics  
  52  11:09  Marine x2  
  57  11:13  SCV  
  53  11:26  SCV  
  53  11:28  Marine  
  53  11:29  Marine  
  55  11:38  SCV  
  56  11:43  Terran Infantry Armor Level 2  
  56  11:46  Marine x2  
  56  11:48  Viking  
  56  11:49  Thor  
  55  12:04  Marine x2  
  55  12:18  Banshee  
  55  12:22  Marine x2  
  60  12:40  Marine x2  
  62  12:57  Marine  
  62  12:58  Marine  
  64  13:01  Medivac, Terran Vehicle Weapons Level 2  
  66  13:15  Marine x2  
  68  13:31  Medivac  
  70  13:59  Terran Infantry Weapons Level 3  
  70  14:14  Supply Depot  
  70  14:36  Marine x2, Battlecruiser  
  78  14:51  Missile Turret  
  78  14:54  Marine x2  
  80  15:17  Terran Vehicle And Ship Armor Level 1  
  80  15:28  Command Center  
  80  15:31  Marine  
  80  15:32  Marine  
  82  15:44  Missile Turret  
  82  15:45  Refinery  
  82  15:49  Marine x2  
  83  15:51  Refinery  
  84  16:07  Marine x2  
  86  16:11  Supply Depot  
  86  16:32  Marine x2  
  86  16:33  Battlecruiser  
  86  16:34  Supply Depot, Missile Turret  
  94  16:50  Marine  
  95  17:12  Terran Ship Weapons Level 1  
  95  17:14  Planetary Fortress  
  95  17:32  Missile Turret  
  95  17:37  Battlecruiser  
  101  17:54  Missile Turret  
  101  18:11  Marine x2  
  103  18:17  Missile Turret  
  90  18:29  Marine x2  
  80  18:41  Missile Turret  
  75  18:46  Medivac, Marine  
  75  18:47  Marine  
  79  18:51  Widow Mine  
  81  19:04  Marine x2  
  83  19:13  Widow Mine  
  83  19:16  Medivac  
  87  19:22  Marine x2  
  89  19:34  Widow Mine  
  91  19:40  Marine x2  
  93  19:46  Battlecruiser  
  99  19:55  Widow Mine  
  97  20:17  Widow Mine  
  98  20:50  Battlecruiser  
  102  21:55  Battlecruiser  
  92  22:20  Marine x2  
  73  22:37  Marine  
  73  22:38  Marine  
  73  22:55  Marine x2  
  75  22:59  Battlecruiser  
  63  23:13  Marine x2  
  63  23:31  Marine x2  
  56  23:49  Marine x2  
  41  24:03  Battlecruiser  
  41  24:07  Marine x2  
  49  24:24  Marine x2  
  51  24:42  Marine x2  
  59  25:14  Command Center  
Show
View Real Time Build Order
Export as new Build Order

TATORREA Protoss - Winner!

Build Orders: Carriers 

Get SALT Encoding   

  12  0:01  Probe  
  13  0:17  Probe  
  14  0:22  Pylon  
  14  0:25  Probe  
  15  0:38  Probe  
  16  0:51  Gateway  
  16  0:55  Gateway  
  16  0:59  Probe  
  16  1:04  Assimilator  
  17  1:11  Probe  
  18  1:23  Probe  
  19  1:35  Probe  
  20  1:50  Nexus  
  20  2:09  Cybernetics Core  
  20  2:10  Pylon  
  20  2:11  Probe  
  21  2:18  Zealot  
  23  2:25  Assimilator  
  23  2:28  Probe, Zealot  
  26  2:58  Pylon  
  26  2:59  Warp Gate  
  26  3:08  Pylon  
  26  3:12  Pylon  
  26  3:16  Gateway, Probe x2  
  26  3:18  Gateway  
  28  3:21  Zealot  
  28  3:25  Zealot  
  32  3:40  Probe x2  
  34  3:52  Probe x2  
  36  4:04  Probe x2  
  38  4:14  Twilight Council  
  39  4:17  Robotics Facility, Probe x2  
  40  4:29  Probe  
  40  4:30  Probe  
  42  4:42  Probe x2  
  44  4:50  Stalker  
  44  4:51  Stalker x3  
  52  4:55  Probe x2  
  52  4:57  Charge  
  54  5:04  Assimilator  
  54  5:06  Assimilator, Immortal  
  54  5:07  Probe x2  
  60  5:26  Probe x2  
  62  5:39  Probe x2  
  64  5:52  Forge  
  64  5:54  Forge  
  64  5:56  Forge  
  64  5:58  Cybernetics Core  
  64  6:01  Immortal  
  68  6:22  Nexus  
  68  7:04  Nexus  
  68  7:08  Pylon  
  68  7:11  Pylon  
  68  7:14  Protoss Ground Weapons Level 1  
  68  7:15  Pylon  
  68  7:16  Protoss Ground Armor Level 1  
  68  7:17  Protoss Shields Level 1  
  68  7:21  Probe x2  
  70  7:26  Gateway  
  70  7:28  Gateway  
  70  7:30  Gateway  
  70  7:32  Gateway  
  70  7:34  Protoss Air Weapons Level 1  
  70  7:36  Stargate  
  70  7:38  Stargate  
  70  7:39  Stargate  
  70  7:42  Probe x2  
  72  7:44  Blink  
  72  7:48  Protoss Air Armor Level 1  
  72  7:49  Immortal  
  76  7:56  Probe x2  
  78  8:08  Probe x2  
  80  8:26  Probe x3  
  83  8:27  Warp Prism  
  85  8:34  Assimilator  
  85  8:36  Assimilator  
  85  8:40  Zealot  
  85  8:41  Zealot x5  
  91  8:42  Zealot  
  91  8:44  Zealot  
  91  8:48  Probe x3  
  104  9:08  Probe x3  
  107  9:53  Zealot  
  61  10:23  Probe  
  62  10:37  Pylon  
  62  10:45  Pylon  
  62  10:54  Pylon  
  62  10:57  Void Ray x3  
  62  10:58  Pylon  
  62  11:01  Pylon  
  74  11:05  Pylon, Zealot  
  74  11:06  Zealot x3  
  74  11:07  Zealot x4  
  74  11:09  Pylon  
  76  11:27  Stalker x2  
  76  11:28  Stalker x4  
  76  11:29  Stalker x2  
  92  11:36  Nexus  
  82  11:52  Zealot  
  82  11:53  Zealot x3  
  82  11:54  Zealot x3  
  84  11:55  Zealot  
  90  12:46  Protoss Ground Weapons Level 2  
  90  12:47  Protoss Ground Armor Level 2  
  90  12:48  Protoss Shields Level 2  
  90  12:53  Gateway  
  90  12:54  Gateway  
  90  12:55  Gateway  
  90  12:58  Gateway  
  90  13:00  Gateway, Pylon  
  90  13:02  Pylon  
  90  13:03  Pylon  
  90  13:05  Pylon x2  
  90  13:07  Pylon  
  90  13:08  Fleet Beacon  
  90  13:10  Robotics Bay  
  90  13:35  Stalker x3  
  90  13:36  Stalker x3  
  90  13:37  Stalker x2  
  106  13:41  Assimilator  
  106  13:46  Assimilator  
  106  13:48  Photon Cannon  
  106  13:49  Photon Cannon  
  106  13:50  Photon Cannon  
  106  13:53  Tempest, Carrier, Photon Cannon  
  106  13:54  Photon Cannon, Carrier  
  123  13:56  Photon Cannon  
  123  13:57  Photon Cannon  
  123  13:59  Photon Cannon  
  123  14:01  Photon Cannon  
  123  14:03  Extended Thermal Lance, Photon Cannon  
  123  14:05  Photon Cannon  
  123  14:09  Protoss Air Weapons Level 2  
  123  14:14  Protoss Air Armor Level 2  
  123  14:33  Stalker x2  
  123  14:34  Stalker x2  
  123  14:35  Stalker  
  123  14:36  Sentry, Tempest  
  123  14:37  Sentry x3  
  123  14:38  Sentry x3  
  150  14:40  Sentry  
  154  14:47  Colossus  
  160  14:57  Carrier  
  160  14:58  Tempest  
  171  15:41  Protoss Ground Weapons Level 3  
  171  15:42  Protoss Ground Armor Level 3  
  171  15:43  Protoss Shields Level 3  
  171  15:47  Tempest, Carrier  
  182  16:01  Carrier, Nexus  
  152  17:19  Nexus  
  152  17:39  Tempest, Carrier  
  152  17:40  Carrier  
  169  17:55  Protoss Air Weapons Level 3  
  169  17:58  Protoss Air Armor Level 3  
  96  18:22  Tempest  
  96  18:43  Carrier  
  96  18:44  Tempest  
  107  18:55  Stalker x4  
  111  18:56  Stalker x3  
  111  18:57  Stalker x4  
  111  18:58  Stalker x2  
  133  19:05  Carrier  
  139  19:12  Colossus  
  145  19:27  Tempest  
  150  19:46  Assimilator  
  150  19:47  Carrier, Zealot  
  150  19:52  Assimilator  
  142  20:07  Nexus  
  142  20:09  Carrier  
  142  20:10  Tempest  
  146  20:28  Probe  
  146  20:29  Probe x2  
  148  20:41  Probe x3  
  151  20:51  Tempest  
  151  20:53  Carrier, Probe x3  
  165  21:01  Observer  
  166  21:05  Probe x3  
  169  21:13  Tempest  
  174  21:21  Colossus  
  180  22:01  Tempest  
  180  22:02  Carrier x2  
  185  22:15  Colossus  
  187  23:09  Immortal  
  191  23:48  Colossus  
Show
View Real Time Build Order
Export as new Build Order

shura Zerg 

Build Orders: Pool First 

Get SALT Encoding   

  12  0:21  Spawning Pool  
  11  0:32  Drone x2  
  13  0:37  Overlord  
  13  0:49  Extractor  
  12  0:50  Drone  
  13  1:08  Queen  
  15  1:18  Zergling x6  
  18  1:32  Drone  
  19  1:44  Zergling x2  
  20  1:53  Drone  
  21  2:18  Zergling x2  
  21  2:20  Overlord  
  22  2:50  Drone x3  
  25  3:34  Evolution Chamber  
  23  3:42  Hatchery  
  22  3:51  Extractor  
  21  4:08  Queen  
  23  4:14  Drone x2  
  23  4:16  Overlord  
  25  4:50  Lair  
  25  4:59  Drone  
  26  5:14  Zerg Missile Weapons Level 1  
  26  5:36  Drone x5  
  26  5:37  Drone  
  26  5:42  Extractor  
  31  5:44  Queen  
  33  6:02  Hydralisk Den  
  32  6:12  Drone  
  32  6:13  Drone x2  
  32  6:18  Extractor  
  34  6:20  Burrow  
  34  6:30  Spire  
  34  6:31  Drone  
  34  6:32  Drone  
  32  6:48  Hydralisk x6  
  44  6:54  Overlord  
  44  6:55  Overlord  
  44  7:13  Zerg Ground Armor Level 1  
  44  7:19  Grooved Spines  
  44  7:43  Drone x2  
  46  7:50  Hydralisk x4  
  46  7:51  Hydralisk x2  
  54  7:52  Hydralisk  
  54  7:56  Overlord x2  
  60  8:16  Overseer  
  60  8:30  Muscular Augments  
  60  8:38  Pneumatized Carapace  
  60  8:42  Drone x4  
  60  8:46  Mutalisk x4  
  72  8:53  Zerg Flyer Weapons Level 1  
  72  9:19  Zerg Ground Armor Level 2  
  65  10:20  Hydralisk  
  65  10:21  Hydralisk x2  
  69  10:43  Hydralisk x2  
  69  10:44  Hydralisk  
  69  10:46  Overlord x3  
  75  11:11  Hatchery  
  74  11:12  Zerg Flyer Armor Level 1  
  74  11:34  Zerg Missile Weapons Level 2  
  74  11:35  Hydralisk  
  74  11:36  Hydralisk x5  
  86  12:18  Mutalisk x5  
  86  12:19  Mutalisk x2  
  100  12:25  Drone  
  101  12:30  Drone x3  
  104  12:49  Drone x2  
  106  13:02  Extractor  
  105  13:21  Overlord x2  
  105  13:22  Overlord x3  
  105  13:24  Zerg Flyer Weapons Level 2  
  105  13:45  Drone x2  
  105  13:46  Drone  
  108  13:55  Hydralisk x5  
  110  13:56  Hydralisk x3  
  124  14:05  Extractor  
  123  14:24  Infestation Pit  
  122  14:42  Drone x3  
  125  14:58  Hydralisk x6  
  125  14:59  Hydralisk  
  139  15:00  Hydralisk x2  
  139  15:05  Overlord  
  143  15:08  Overlord  
  143  15:36  Overlord x4  
  143  15:47  Drone x2  
  143  15:48  Drone  
  146  15:59  Hive  
  146  16:05  Corruptor  
  146  16:06  Corruptor  
  150  16:19  Overlord x2  
  150  16:57  Hydralisk  
  150  16:58  Hydralisk x6  
  150  16:59  Hydralisk  
  150  17:00  Hydralisk x2  
  170  17:09  Zerg Flyer Armor Level 2  
  169  17:57  Zerg Missile Weapons Level 3  
  47  18:45  Hydralisk x6  
  47  18:46  Hydralisk x3  
  65  19:00  Hydralisk x4  
  65  19:01  Hydralisk x5  
  65  19:02  Hydralisk  
  50  20:19  Hydralisk x2  
  50  20:20  Hydralisk x6  
  50  20:21  Hydralisk  
  64  20:35  Hydralisk x3  
  52  21:11  Hydralisk x3  
  58  21:20  Hydralisk x3  
  58  21:21  Hydralisk x7  
  58  21:22  Hydralisk x2  
  51  22:26  Hydralisk x3  
Show
View Real Time Build Order
Export as new Build Order

JOTE Terran 

Build Orders:  

Get SALT Encoding   

  12  0:26  SCV  
  13  0:29  Supply Depot  
  13  0:39  SCV  
  14  0:51  SCV  
  15  1:00  Barracks  
  15  1:03  SCV  
  16  1:08  Refinery  
  16  1:15  SCV  
  17  1:27  SCV  
  17  1:28  Refinery  
  18  1:39  SCV  
  19  1:51  SCV  
  19  1:52  Marine  
  19  1:53  Supply Depot  
  21  2:03  SCV  
  22  2:10  Marine  
  23  2:15  SCV  
  23  2:16  Engineering Bay  
  24  2:27  Marine  
  25  2:35  Orbital Command  
  25  2:45  Marine  
  26  3:03  Marine  
  27  3:27  Missile Turret  
  27  3:34  Command Center  
  27  3:57  Factory  
  27  4:15  Sensor Tower  
  27  4:21  Barracks Reactor  
  27  4:27  Terran Infantry Weapons Level 1  
  27  4:46  Missile Turret  
  27  4:50  Factory Reactor, Starport  
  27  5:00  Marine x2  
  29  5:18  Marine x2  
  31  5:28  SCV  
  32  5:33  Starport Reactor  
  32  5:35  Marine x2  
  32  5:38  Sensor Tower  
  32  5:40  SCV  
  32  5:41  Starport  
  35  5:47  Refinery  
  35  5:52  SCV  
  35  5:53  Marine x2  
  38  6:01  Widow Mine x2  
  42  6:04  SCV  
  43  6:16  SCV  
  44  6:21  Viking x2  
  44  6:23  Widow Mine x2  
  52  6:35  Sensor Tower  
  52  6:44  Widow Mine  
  54  6:59  Starport Reactor  
  54  7:04  Supply Depot  
  54  7:26  Widow Mine x2  
  58  7:31  SCV  
  59  7:44  SCV  
  60  7:46  Starport  
  60  7:47  Widow Mine  
  62  7:51  Command Center  
  62  7:56  SCV  
  63  8:08  SCV  
  64  8:16  Terran Infantry Armor Level 1  
  64  8:20  SCV  
  65  8:38  Widow Mine x2  
  69  8:49  Refinery  
  69  9:03  Widow Mine x2  
  69  9:05  Starport Reactor  
  73  9:22  Missile Turret  
  71  9:24  Widow Mine x2  
  69  10:08  Widow Mine  
  69  10:09  Widow Mine  
  52  10:30  Missile Turret  
  52  10:38  Widow Mine x2  
  56  10:46  SCV  
  57  10:58  SCV  
  57  10:59  Widow Mine x2  
  62  11:10  SCV  
  63  11:16  Missile Turret  
  63  11:20  Widow Mine x2  
  63  11:22  SCV  
  68  11:25  Refinery  
  68  11:28  Refinery  
  68  11:35  SCV  
  69  11:57  Supply Depot  
  69  11:58  SCV  
  69  11:59  Widow Mine  
  68  12:10  SCV  
  68  12:11  Widow Mine  
  69  12:22  SCV  
  68  12:26  Missile Turret  
  68  12:43  Factory  
  68  12:45  SCV  
  69  12:57  SCV  
  70  12:59  Missile Turret  
  70  13:09  SCV  
  71  13:21  SCV  
  71  13:25  Supply Depot  
  72  13:29  Factory Reactor  
  72  13:33  SCV  
  73  13:34  Supply Depot  
  73  13:38  Supply Depot  
  73  13:49  Orbital Command  
  73  14:09  Widow Mine x2  
  77  14:15  Widow Mine  
  77  14:16  Widow Mine  
  81  14:20  Viking x2  
  81  14:24  Viking x2  
  89  14:27  Viking x2  
  89  14:30  Widow Mine x2  
  97  14:33  Supply Depot  
  97  14:37  Widow Mine x2  
  101  14:50  Viking x2  
  101  14:51  Widow Mine  
  101  14:52  Widow Mine  
  109  14:53  Viking  
  109  14:54  Viking  
  109  14:57  Viking x2  
  109  14:58  Widow Mine x2  
  121  15:13  Widow Mine x2  
  125  15:16  SCV  
  125  15:20  Viking, Widow Mine x2  
  132  15:23  Supply Depot  
  132  15:28  SCV  
  133  15:32  Viking x4  
  141  15:44  Viking, SCV  
  134  15:50  Viking  
  144  15:56  SCV  
  147  16:02  Viking  
  149  17:38  Supply Depot  
  149  17:40  Supply Depot  
  149  17:59  Viking x3, SCV  
  149  18:00  Viking  
  106  18:26  Viking  
  102  18:29  Viking x4  
  102  18:30  Viking  
  78  18:44  Supply Depot  
  76  18:56  Viking, Marine x2  
  76  18:59  Viking x3  
  86  19:33  Viking  
  86  19:37  Viking  
  86  19:39  Marine  
  86  19:42  Viking  
  86  19:43  Viking x2, Marine  
  86  19:44  Viking  
  57  20:26  Marine  
  57  20:27  Viking  
  57  20:28  Viking  
  54  20:30  Marine  
  54  20:33  Supply Depot  
  54  20:34  Viking  
  53  20:42  Viking, Hellion  
  45  20:44  Marine  
  45  20:48  Marine  
  46  20:52  Supply Depot  
  46  20:55  Hellion  
  47  20:58  Viking  
  47  21:01  Marine  
  47  21:03  Hellion  
  47  21:04  Viking  
  51  21:06  Marine  
  49  21:17  Hellion  
  51  21:19  Marine  
  51  21:24  Marine  
  51  21:25  Hellion  
  55  21:28  Viking  
  53  21:34  Viking  
  53  21:37  Marine  
  53  21:38  Hellion  
  58  21:41  Marine  
  58  21:46  Hellion  
  56  21:58  Viking  
  56  21:59  Hellion  
  59  22:04  Viking  
  59  22:23  Orbital Command  
  21  23:01  Missile Turret  
  21  23:06  Missile Turret  
  21  23:08  SCV  
  14  23:21  SCV  
  14  23:33  SCV  
  15  23:39  Supply Depot  
  15  23:42  Supply Depot  
  15  23:45  SCV  
  15  23:47  Missile Turret  
  15  23:52  Missile Turret  
  14  23:57  Supply Depot, SCV  
  13  24:30  Barracks  
  13  24:45  Barracks  
  12  24:51  Command Center  
Show
View Real Time Build Order
Export as new Build Order

maanlogo Terran 

Build Orders:  

Get SALT Encoding   

  12  0:13  Supply Depot  
  12  0:20  SCV  
  13  0:32  SCV  
  14  0:48  Barracks  
  14  0:50  SCV  
  15  0:57  Refinery  
  15  1:05  Refinery  
  15  1:06  SCV  
  16  1:18  SCV  
  17  1:30  SCV  
  18  1:40  Supply Depot  
  18  1:42  SCV  
  19  1:54  SCV  
  19  1:57  Barracks Reactor  
  19  1:59  Bunker  
  20  2:02  Supply Depot  
  20  2:06  SCV  
  21  2:39  Command Center, Marine x2  
  23  2:56  Marine  
  23  2:57  Marine  
  25  2:59  SCV  
  25  3:04  Supply Depot  
  26  3:17  Orbital Command  
  26  3:26  Supply Depot  
  26  3:52  Refinery  
  26  3:54  Factory  
  26  3:56  SCV  
  26  4:02  SCV  
  28  4:08  SCV  
  29  4:14  SCV  
  30  4:20  SCV  
  31  4:26  SCV  
  32  4:32  SCV  
  33  4:38  SCV  
  33  4:44  Factory Tech Lab, SCV  
  35  4:46  Starport  
  35  4:50  SCV  
  36  5:06  SCV  
  37  5:18  SCV  
  38  5:24  Starport  
  38  5:27  Refinery  
  38  5:30  SCV  
  39  5:39  Starport Reactor  
  39  5:42  SCV  
  40  5:54  Armory, SCV  
  41  6:03  Starport  
  41  6:15  Starport Reactor  
  41  6:37  Orbital Command  
  41  6:42  Starport  
  41  6:55  Engineering Bay  
  41  7:01  Terran Ship Weapons Level 1  
  41  7:13  Siege Tank  
  44  7:24  Supply Depot  
  44  7:25  Starport Reactor  
  44  7:27  Starport Reactor  
  44  7:31  Viking x4  
  52  7:45  Siege Tank  
  52  7:47  Supply Depot  
  55  8:01  Viking x4  
  63  8:14  Supply Depot  
  63  8:18  Viking  
  63  8:19  Viking x3  
  71  8:31  Viking x4  
  79  8:48  Viking  
  79  8:49  Viking x3  
  79  8:55  Terran Vehicle And Ship Armor Level 1  
  87  9:01  Viking x4  
  95  9:41  Command Center  
  51  12:24  SCV  
  52  12:35  Refinery  
  52  12:36  SCV  
  53  12:37  Viking x5  
  53  12:38  Viking x3  
  69  12:48  SCV  
  69  12:49  Terran Ship Weapons Level 2  
  70  13:00  SCV  
  71  13:07  Viking x5  
  71  13:08  Viking x3  
  71  13:12  SCV  
  88  13:37  Viking x5  
  88  13:38  Viking x3, Planetary Fortress, Refinery  
  104  14:07  Viking x4  
  112  14:22  Viking x4  
  120  14:37  Viking x4  
  128  14:52  Viking x4  
  136  15:05  Terran Vehicle And Ship Armor Level 2  
  136  15:07  Viking x3  
  142  15:52  Command Center  
  52  17:05  Viking x4  
  52  17:06  Viking x4  
  68  17:21  Terran Ship Weapons Level 3  
  68  17:33  Refinery  
  68  17:34  SCV  
  68  17:35  Viking x4  
  68  17:36  Viking x4  
  85  17:46  SCV  
  87  17:58  SCV  
  87  18:01  Supply Depot  
  87  18:05  Viking x4  
  91  18:06  Viking x3  
  91  18:10  SCV  
  102  18:24  Supply Depot  
  103  18:31  Planetary Fortress  
  102  18:40  Missile Turret  
  102  19:00  Missile Turret  
  102  19:10  Bunker  
  102  19:29  Marine x2  
  103  19:46  Marine  
  103  19:47  Marine  
  102  19:58  Terran Vehicle And Ship Armor Level 3  
  93  20:04  Marine  
  93  20:05  Marine  
  79  20:22  Marine  
  79  20:24  Marine  
  68  20:42  Viking x3  
  71  20:43  Viking x5  
  64  21:12  Viking x3  
  64  21:13  Viking x3  
  70  22:49  Command Center  
Tags
 
Add a new tag
Caveats
  • Supply blocks, unpowered buildings, or Contaminate may cause inaccurate times.
  • Supply counts are checked every 10 seconds.